 Dungeon Crawl Stone Soup version 0.29-a0-322-g68df515428 (webtiles) character file.

Game seed: 15460198983416935115

101928 zishaf the Warrior (level 16, -1/164 HPs)
             Began as an Ogre Ice Elementalist on Apr 5, 2022.
             Was a High Priest of Elyvilon.
             Slain by a water elemental (14 damage)
             ... on level 1 of the Shoals on Apr 6, 2022.
             The game lasted 01:27:40 (34096 turns).

zishaf the Warrior (Ogre Ice Elementalist)         Turns: 34096, Time: 01:27:41

Health: -1/164     AC: 13    Str: 22    XL:     16   Next: 31%
Magic:  36/40      EV:  9    Int: 28    God:    Elyvilon [*****.]
Gold:   2330       SH:  5    Dex:  9    Spells: 7/37 levels left

rFire   . . .      SeeInvis .   y - +1 giant club (elec)
rCold   . . .      Faith    .   (shield currently unavailable)
rNeg    . . .      Spirit   .   Q - +3 troll leather armour {Snorg}
rPois   .          Reflect  +   O - +2 hood of the Assassin {Detection Stab+ Stlth++}
rElec   .          Harm     .   x - +2 cloak {Will+}
rCorr   .          Rampage  .   (gloves unavailable)
Will    ++...                   (boots unavailable)
Stlth   ++++......              Z - amulet of reflection
HPRegen 1.17/turn               S - ring "Hankutre" {MP+9 Int+4}
MPRegen 0.27/turn               w - +6 ring of intelligence

@: about to teleport, very slow
A: large, unfitting armour, tough skin 1, frail 1, strong 1
a: Renounce Religion, Purification, Heal Other, Heal Self, Divine Vigour


You were on level 1 of the Shoals.
You worshipped Elyvilon.
Elyvilon was extremely pleased with you.
You visited 5 branches of the dungeon, and saw 25 of its levels.
You also visited: Sewer, Ossuary and Ice Cave.

You collected 4535 gold pieces.
You spent 2205 gold pieces at shops.

Inventory:

Hand Weapons
 y - a +1 giant club of electrocution (weapon)
 V - the +4 mace of Ciegu {vorpal, rC+ MP+9}
   (You found it on level 15 of the Dungeon)

   It inflicts extra damage upon your enemies.
   rC:        It protects you from cold.
   MP:        It affects your magic capacity (+9).
Missiles
 r - 2 throwing nets
Armour
 x - a +2 cloak of willpower (worn)
 I - the +2 cloak of the Tundras {rF- Int+3 Dex+4 Stlth+}
   (You found it in an ice cave)

   Int:       It affects your intelligence (+3).
   Dex:       It affects your dexterity (+4).
   rF:        It makes you vulnerable to fire.
   Stlth:     It makes you more stealthy.
 J - +0 fire dragon scales
 O - the +2 hood of the Assassin (worn) {Detection Stab+ Stlth++}
   (You found it in an ice cave)

   It allows the wearer to sense nearby creatures.
   It allows the wearer to make particularly effective stabbing attacks against
   helpless or unaware enemies with any weapon.
   Stlth:     It makes you much more stealthy.
 Q - a +3 troll leather armour (worn) {Snorg}
Magical Staves
 M - a staff of earth
Jewellery
 j - a ring of wizardry
 u - a ring of fire
 w - a +6 ring of intelligence (right hand)
 L - a ring of protection from cold
 S - the ring "Hankutre" (left hand) {MP+9 Int+4}
   (You acquired it on level 12 of the Dungeon)

   [ring of magical power]

   Int:       It affects your intelligence (+4).
   MP:        It affects your magic capacity (+9).
 Y - a +4 ring of evasion
 Z - an amulet of reflection (around neck)
Wands
 m - a wand of acid (15)
 v - a wand of mindburst (13)
 C - a wand of iceblast (11)
Scrolls
 a - 2 scrolls of brand weapon
 f - 5 scrolls of enchant weapon
 o - 5 scrolls of enchant armour
 p - 12 scrolls of teleportation
 s - a scroll of holy word
 z - 3 scrolls of fog
 B - 4 scrolls of immolation
 G - 7 scrolls of blinking
 P - 3 scrolls of silence
 T - a scroll of magic mapping
 W - 2 scrolls of fear
Potions
 b - 2 potions of magic
 c - 7 potions of might
 d - 2 potions of berserk rage
 h - 4 potions of cancellation
 i - 4 potions of invisibility
 k - 6 potions of flight
 n - a potion of mutation
 q - 8 potions of brilliance
 t - 14 potions of curing
 A - 4 potions of resistance
 F - 2 potions of lignification
 K - 5 potions of heal wounds
 R - 5 potions of ambrosia
 U - 3 potions of haste
Miscellaneous
 X - a phial of floods


   Skills:
 + Level 17.5 Fighting
 - Level 12.0 Maces & Flails
 - Level 1.7 Dodging
 - Level 4.0 Stealth
 - Level 11.0 Spellcasting
 + Level 2.3 Conjurations
 + Level 7.5 Hexes
 * Level 10.2 Transmutations
 - Level 7.0 Ice Magic
 * Level 10.1 Earth Magic
 + Level 6.6 Invocations


You had 7 spell levels left.
You knew the following spells:

 Your Spells              Type           Power      Damage    Failure   Level
a - Freeze                Ice            100%       1d11      1%          1
b - Frozen Ramparts       Ice            100%       1d12      1%          3
c - Ozocubu's Armour      Ice            53%        N/A       1%          3
d - Statue Form           Tmut/Erth      42%        N/A       10%         6
e - Confusing Touch       Hex            55%        N/A       1%          3
f - Ensorcelled Hibernat  Hex/Ice        100%       N/A       1%          2
g - Leda's Liquefaction   Hex/Erth       30%        N/A       1%          4
h - Lee's Rapid Deconstr  Erth           32%        3d17*     1%          5
i - Dazzling Flash        Conj/Hex       86%        N/A       1%          3

Your spell library contained the following spells:

 Spells                   Type           Power      Damage    Failure   Level
 Slow                     Hex            100%       N/A       1%          1
 Spider Form              Tmut/Pois      43%        N/A       1%          3
 Cause Fear               Hex            27%        N/A       1%          4
 Inner Flame              Hex/Fire       36%        N/A       2%          3
 Fulminant Prism          Conj/Hex       21%        3d13      5%          4
 Scorch                   Fire           30%        2d7       6%          2
 Hailstorm                Conj/Ice       41%        3d10      6%          4
 Anguish                  Hex/Necr       18%        N/A       9%          4
 Gell's Gravitas          Tloc           15%        N/A       12%         3
 Teleport Other           Tloc           15%        N/A       12%         3
 Vampiric Draining        Necr           15%        2d7       12%         3
 Flame Wave               Conj/Fire      21%        2d7       26%         4
 Iskenderun's Mystic Bla  Conj/Tloc      21%        2d6       26%         4
 Airstrike                Air            7%         N/A       38%         4
 Olgreb's Toxic Radiance  Pois           15%        N/A       38%         4
 Summon Lightning Spire   Summ/Air       15%        N/A       38%         4
 Lightning Bolt           Conj/Air       10%        1d23      58%         5
 Ozocubu's Refrigeration  Ice            26%        4d10      89%         7
 Dispersal                Tloc           7%         N/A       99%         6
 Starburst                Conj/Fire      10%        6d5       99%         6
 Summon Cactus Giant      Summ           7%         N/A       99%         6
 Discord                  Hex            27%        N/A       100%        8
 Ignition                 Fire           7%         3d5       100%        8


Dungeon Overview and Level Annotations

Branches:
Dungeon (15/15)            Temple (1/1) D:4            Lair (6/6) D:10
 Shoals (1/4) Lair:2        Snake (0/4) Lair:4        Slime (0/5) Lair:6
    Orc (2/2) D:10            Elf (0/3) Orc:2        Vaults (0/5) D:14
 Depths (0/4) D:15          Sewer (visited)         Ossuary (visited)
  IceCv (visited)

Altars:
Ashenzari
Cheibriados
Dithmenos
Elyvilon
Fedhas
Gozag
Hepliaklqana
Kikubaaqudgha
Makhleb
Nemelex Xobeh
Okawaru
Qazlal
Ru
Sif Muna
Trog
Uskayaw
Vehumet
Wu Jian
Xom
Yredelemnul
Zin
The Shining One
Beogh
Jiyva

Shops:
D:5 *   D:7 ?   D:9 [   D:12 ?   Orc:1 *   Orc:2 *(**

Portals:
Trove: D:11 (give +8 demon blade)


Innate Abilities, Weirdness & Mutations

You are too large for most types of armour.
You have tough skin. (AC +1)
You are frail. (-10% HP)
Your muscles are strong. (Str +2)


Message History

Okay, then.
You cannot read scrolls while unable to breathe!
You slip free of the water engulfing you.
The merfolk aquamancer attacks as you move away!
The merfolk aquamancer hits you with a +1 rapier of freezing.
* * * LOW HITPOINT WARNING * * *
The merfolk aquamancer freezes you.
* * * LOW HITPOINT WARNING * * *
You gasp with relief as air once again reaches your lungs.
You block the water elemental's attack.
The merfolk aquamancer points at you and mumbles some strange words.
The torrent of water hits you!!
* * * LOW HITPOINT WARNING * * *
You are knocked back by the torrent of water.
Splash!
The wave splashes down.
The water elemental closely misses you.
You hear a shout!
You hear an angry hiss.
You hear a shout!
You are healed.
The merfolk is no longer blind.
You block the water elemental's attack.
The merfolk hits you from afar with a +0 trident!
* * * LOW HITPOINT WARNING * * *
A merfolk comes into view. It is wielding a +0 trident.
You are healed.
The water elemental hits you. The merfolk aquamancer misses you.
The merfolk hits you from afar with a +0 trident.
* * * LOW HITPOINT WARNING * * *
As you read the scroll of teleportation, it crumbles to dust.
You feel strangely unstable. The water elemental hits you.
The water elemental engulfs you in water!
You block the water elemental's attack.
A wind drake comes into view.
The merfolk aquamancer gestures at you while chanting.
The shard of ice hits you!!
* * * LOW HITPOINT WARNING * * *
The merfolk hits you from afar with a +0 trident!
Elyvilon protects you from harm!
You slip free of the water engulfing you.
You gasp with relief as air once again reaches your lungs.
The water elemental hits you!
You die...

≈≈≈≈≈≈≈≈≈≈....≈≈≈≈≈.
≈≈≈≈≈≈≈≈≈≈≈≈≈≈≈....≈≈≈≈..
≈.≈≈≈≈≈≈≈≈≈≈≈≈≈≈...≈≈≈≈..
..≈≈≈≈≈≈≈≈≈≈≈≈≈...≈≈≈≈..
#.≈≈≈≈≈≈≈≈≈≈≈≈≈..≈≈≈≈.. .
#..≈≈≈≈≈≈≈≈≈≈≈≈≈≈≈≈≈≈≈.
≈.###.≈≈≈≈≈≈≈≈≈≈≈≈≈≈≈≈≈≈≈≈≈
≈≈...≈≈≈≈≈≈≈.≈≈≈≈≈≈≈≈.≈≈≈≈≈
≈≈...≈≈mmm@....≈≈≈≈≈..≈≈≈≈≈
≈≈≈≈≈≈≈≈EE≈...≈≈≈≈≈.....≈≈≈
≈≈≈≈≈≈)≈≈≈≈≈≈≈≈≈≈≈≈........
≈≈≈≈≈≈≈≈≈.≈≈≈≈≈≈≈≈≈≈.......
≈≈≈≈≈≈....≈≈≈≈≈≈≈≈≈≈.......
≈≈≈≈......≈≈≈≈≈≈≈≈≈≈≈......
≈≈≈≈..##[.≈≈≈≈≈≈≈≈≈≈≈≈.....
≈≈≈k.. ##...≈≈≈≈≈≈≈≈≈≈≈≈≈≈≈
≈≈≈≈≈. #.#..≈≈≈≈≈≈≈≈≈≈≈≈≈≈


You could see a merfolk aquamancer, a wind drake (repels missiles), 2 merfolk
and 2 water elementals.

Vanquished Creatures
  A reaper (IceCv)
  A very ugly thing (D:15)
  Nessos (Lair:5)
  A spark wasp (shapeshifter) (D:15)
  Snorg (D:10)
  A yaktaur captain (D:14)
  Fannar (D:11)
  A great orb of eyes (D:15)
  4 ogre magi
  6 boulder beetles
  6 hydras
  7 centaur warriors
  2 merfolk avatars
  14 two-headed ogres
  A tengu warrior (D:15)
  2 death yaks (Lair:3)
  Amaemon (Lair:2)
  2 sea snakes
  A wizard (D:15)
  An orc knight (Orc:1)
  A deep elf archer (D:14)
  A harpy (Lair:6)
  A lindwurm (Lair:4)
  4 deep elf pyromancers
  4 cyclopes
  5 manticores
  5 ugly things
  9 elephants
  10 black mambas
  An orange demon (Lair:2)
  A merfolk siren (Lair:2)
  An ice statue (IceCv)
  12 cane toads
  4 gargoyles
  2 water nymphs (Shoals:1)
  A torpor snail (Lair:3)
  2 unseen horrors
  2 kobold demonologists
  Maggie (D:7)
  A yaktaur (D:14)
  A rime drake (shapeshifter) (D:15)
  6 komodo dragons
  6 rime drakes
  2 ice devils (D:13)
  A tengu conjurer (D:15)
  2 entropy weaver simulacra (IceCv)
  A hornet (Lair:6)
  6 trolls
  3 meliai (Lair:4)
  A polar bear (shapeshifter) (D:15)
  A queen bee (Lair:4)
  4 polar bears
  4 wind drakes (Shoals:1)
  24 blink frogs
  10 slime creatures
  A snapping turtle (Lair:6)
  A blink frog (shapeshifter) (D:15)
  6 dream sheep (Lair:6)
  2 centaur simulacra
  A spriggan (D:9)
  2 water elementals
  A shadow (D:10)
  6 wyverns
  31 yaks
  4 wraiths
  2 death yak simulacra (IceCv)
  4 basilisks
  6 vampire mosquitoes (D:14)
  8 wargs
  4 steam dragons
  4 acid dragons
  3 nagas (Lair:4)
  16 water moccasins
  10 orc warriors
  An ice beast (D:7)
  A black bear (Lair:4)
  A wolf (shapeshifter) (D:14)
  32 ogres
  16 centaurs
  26 wolves
  A kobold brigand (D:7)
  20 bullfrogs
  4 necrophages
  5 gnoll sergeants
  2 scorpions
  3 two-headed ogre simulacra (IceCv)
  9 cane toad simulacra (IceCv)
  12 wights
  4 elephant simulacra (IceCv)
  29 killer bees
  4 electric eels
  4 howler monkeys
  2 centaur zombies (D:4)
  A bullfrog zombie (D:4)
  9 orc priests
  9 hounds
  Crazy Yiuf (D:3)
  A jelly (D:5)
  A bullfrog skeleton (D:4)
  2 gnoll shamans
  17 orc wizards
  4 iguanas
  4 scorpion zombies (D:4)
  8 troll simulacra (IceCv)
  4 spriggan simulacra (IceCv)
  5 hell rats (Lair:6)
  A polar bear simulacrum (IceCv)
  3 wolf simulacra (IceCv)
  4 hound zombies (D:4)
  2 human simulacra (D:14)
  2 hound skeletons (D:4)
  11 mummies (Ossuary)
  28 gnolls
  14 adders
  3 naga simulacra (IceCv)
  4 river rats
  A shadow imp (D:5)
  4 white imps
  6 ufetubi
  3 adder zombies (D:4)
  2 worms
  4 dart slugs
  47 orcs
  16 endoplasms
  A giant cockroach (D:3)
  7 goblins
  12 hobgoblins
  8 jackals
  4 quokkas
  19 ball pythons
  8 bats
  4 frilled lizards
  3 gnoll skeletons (Ossuary)
  18 kobolds
  3 kobold skeletons (Ossuary)
  2 orc skeletons (Ossuary)
  34 rats
  11 rat skeletons (Ossuary)
838 creatures vanquished.

Vanquished Creatures (others)
  A yaktaur (D:14)
  A steam dragon (Shoals:1)
  A vampire mosquito (D:14)
  17 fungi
  76 plants
96 creatures vanquished.

Grand Total: 934 creatures vanquished

Notes
Turn   | Place    | Note
-------+----------+-------------------------------------------
     0 | D:1      | zishaf the Ogre Ice Elementalist began the quest for the
                  | Orb.
     0 | D:1      | Reached XP level 1. HP: 16/16 MP: 3/3
   197 | D:1      | Reached skill level 1 in Fighting
   197 | D:1      | Reached XP level 2. HP: 27/27 MP: 3/5
   664 | D:1      | Reached XP level 3. HP: 30/35 MP: 4/7
   839 | D:1      | Reached skill level 2 in Fighting
  1522 | D:2      | Found a blossoming altar of Fedhas.
  1863 | D:2      | Learned a level 3 spell: Frozen Ramparts
  1867 | D:2      | Learned a level 3 spell: Ozocubu's Armour
  1965 | D:2      | Reached XP level 4. HP: 44/44 MP: 6/8
  2496 | D:3      | Found a runed translucent door.
  2497 | D:3      | Noticed Crazy Yiuf
  3177 | D:3      | Reached skill level 3 in Fighting
  3323 | D:3      | Reached XP level 5. HP: 45/53 MP: 3/10
  3516 | D:3      | Killed Crazy Yiuf
  3818 | D:4      | Noticed a yak
  3822 | D:4      | Reached skill level 1 in Maces & Flails
  3825 | D:4      | Noticed a yak
  3826 | D:4      | Noticed a yak
  3829 | D:4      | Noticed a yak
  3838 | D:4      | Killed a yak
  3839 | D:4      | Reached skill level 4 in Fighting
  3839 | D:4      | Reached XP level 6. HP: 57/63 MP: 2/13
  3852 | D:4      | Killed a yak
  3853 | D:4      | Reached skill level 5 in Fighting
  3853 | D:4      | Reached skill level 5 in Spellcasting
  3853 | D:4      | Reached XP level 7. HP: 44/72 MP: 0/14
  3853 | D:4      | Killed a yak
  3857 | D:4      | Killed a yak
  3858 | D:4      | Reached skill level 6 in Fighting
  3858 | D:4      | Reached skill level 5 in Ice Magic
  3878 | D:4      | Reached XP level 8. HP: 44/84 MP: 1/16
  4106 | D:4      | Found a staircase to the Ecumenical Temple.
  4115 | Temple   | Entered the Ecumenical Temple
  4248 | Temple   | Became a worshipper of Elyvilon the Healer
  4689 | D:4      | Reached skill level 7 in Fighting
  5496 | D:4      | Found a sacrificial altar of Ru.
  5668 | D:5      | Entered Level 5 of the Dungeon
  5672 | D:5      | Reached * piety under Elyvilon
  5690 | D:5      | Reached skill level 8 in Fighting
  5730 | D:5      | Reached XP level 9. HP: 9/97 MP: 12/20
  5730 | D:5      | Found Athibrut's General Store.
  5734 | D:5      | Bought a potion of curing for 30 gold pieces
  5848 | D:5      | Found a glowing drain.
  6009 | Sewer    | Entered a sewer
  6385 | Sewer    | Reached skill level 9 in Fighting
  7448 | D:6      | Reached ** piety under Elyvilon
  7505 | D:6      | Found a sand-covered staircase.
  7514 | D:6      | Reached skill level 10 in Fighting
  7639 | Ossuary  | Entered an ossuary
  8257 | D:6      | Reached skill level 10 in Maces & Flails
  8257 | D:6      | Reached XP level 10. HP: 110/110 MP: 23/23
  8430 | D:6      | Reached XP level 11. HP: 97/118 MP: 18/24
  8759 | D:7      | Found Kawaf's Magic Scroll Emporium.
  8868 | D:7      | Noticed Maggie
  8877 | D:7      | Killed Maggie
  9489 | D:7      | Reached *** piety under Elyvilon
  9753 | D:8      | Reached skill level 1 in Invocations
 10266 | D:8      | Reached skill level 11 in Fighting
 11326 | D:9      | Found Igross's Armour Shoppe.
 11482 | D:9      | Reached **** piety under Elyvilon
 11723 | D:9      | Noticed a two-headed ogre
 11734 | D:9      | HP: 5/115 [two-headed ogre/+0 giant club (16)]
 11736 | D:9      | Killed a two-headed ogre
 12736 | D:10     | Entered Level 10 of the Dungeon
 12736 | D:10     | Found a staircase to the Orcish Mines.
 13000 | D:10     | Reached skill level 12 in Fighting
 13102 | D:10     | Reached skill level 10 in Spellcasting
 13126 | D:10     | Found a staircase to the Lair.
 13956 | D:11     | Reached XP level 12. HP: 109/133 MP: 19/26
 14057 | D:11     | Noticed Fannar
 14070 | D:11     | Killed Fannar
 14429 | D:11     | Reached ***** piety under Elyvilon
 14718 | D:11     | Reached skill level 13 in Fighting
 15441 | D:11     | Found a portal to a secret trove of treasure.
 16072 | D:11     | Learned a level 6 spell: Statue Form
 16131 | D:12     | Noticed a five-headed hydra
 16141 | D:12     | Killed a five-headed hydra
 16145 | D:12     | Reached skill level 5 in Invocations
 16261 | D:12     | Noticed a boulder beetle
 16280 | D:12     | Killed a boulder beetle
 16281 | D:12     | Reached skill level 1 in Transmutations
 16281 | D:12     | Reached skill level 1 in Earth Magic
 16718 | D:12     | Noticed a centaur warrior
 16735 | D:12     | Killed a centaur warrior
 16736 | D:12     | Reached skill level 14 in Fighting
 16957 | D:12     | Found Heyq's Magic Scroll Shop.
 16967 | D:12     | You fall into a shaft and drop 1 floor!
 17031 | D:13     | Found a frozen archway.
 17048 | IceCv    | Entered an ice cave
 17759 | IceCv    | Found the +2 hood of the Assassin {Detection Stab+ Stlth++}
 17797 | IceCv    | Learned a level 3 spell: Confusing Touch
 18257 | IceCv    | Noticed a reaper
 18300 | IceCv    | Reached XP level 13. HP: 144/148 MP: 28/28
 18641 | IceCv    | Killed a reaper
 18642 | IceCv    | Reached skill level 1 in Hexes
 18846 | IceCv    | Identified the +2 cloak of the Tundras {rF- Int+3 Dex+4
                  | Stlth+}
 18852 | IceCv    | Identified the +1 longbow "Doaf" {vorpal, rPois Int+4}
 19006 | D:12     | Identified the +1 cloak of Miac {Will+}
 20308 | Orc:1    | Entered Level 1 of the Orcish Mines
 20308 | Orc:1    | Noticed Snorg
 20308 | Orc:1    | Found Coxu's Assorted Antiques.
 20329 | D:10     | Killed Snorg
 20330 | D:10     | Reached skill level 15 in Fighting
 21020 | Orc:2    | Entered Level 2 of the Orcish Mines
 21020 | Orc:2    | Found a staircase to the Elven Halls.
 21809 | Orc:2    | Reached ****** piety under Elyvilon
 22577 | Orc:1    | Reached skill level 5 in Transmutations
 22577 | Orc:1    | Reached skill level 5 in Earth Magic
 22902 | Orc:1    | Reached XP level 14. HP: 114/159 MP: 19/29
 23318 | Orc:2    | Found Jonoizxo's Assorted Antiques.
 23318 | Orc:2    | Found Zaris's General Store.
 23320 | Orc:2    | Found Icsou's Weapon Emporium.
 23320 | Orc:2    | Found Xoidgh's Assorted Antiques.
 23503 | Orc:2    | Bought a grey potion for 31 gold pieces
 23503 | Orc:2    | Bought a scroll of blinking for 262 gold pieces
 24087 | D:12     | Bought a scroll of acquirement for 624 gold pieces
 24087 | D:12     | Acquired the ring "Hankutre" {MP+9 Int+4}
 24091 | D:12     | Acquired 574 gold pieces
 24093 | D:12     | Acquired 790 gold pieces
 24189 | D:7      | Bought a scroll of acquirement for 780 gold pieces
 24189 | D:7      | Bought a scroll of blinking for 112 gold pieces
 24189 | D:7      | Bought a scroll of magic mapping for 52 gold pieces
 24189 | D:7      | Bought a scroll of blinking for 112 gold pieces
 24189 | D:7      | Bought a scroll of blinking for 112 gold pieces
 24189 | D:7      | Acquired 682 gold pieces
 24191 | D:7      | Bought a scroll of teleportation for 45 gold pieces
 24191 | D:7      | Bought a scroll of teleportation for 45 gold pieces
 24506 | D:14     | Reached skill level 5 in Hexes
 24614 | D:14     | Learned a level 2 spell: Ensorcelled Hibernation
 24944 | D:14     | Reached skill level 16 in Fighting
 25198 | D:14     | Found a gate to the Vaults.
 25283 | D:15     | Entered Level 15 of the Dungeon
 25408 | Lair:1   | Entered Level 1 of the Lair of Beasts
 25782 | Lair:1   | Learned a level 4 spell: Leda's Liquefaction
 25788 | Lair:1   | Learned a level 5 spell: Lee's Rapid Deconstruction
 26043 | Lair:2   | Found a staircase to the Shoals.
 26141 | Lair:2   | Noticed Amaemon
 26166 | Lair:2   | Killed Amaemon
 26459 | Lair:2   | Gained mutation: You are occasionally teleported next to
                  | monsters. [potion of mutation]
 26459 | Lair:2   | Gained mutation: You have very sharp teeth. [potion of
                  | mutation]
 26460 | Lair:2   | Lost mutation: You have very sharp teeth. [potion of
                  | mutation]
 26460 | Lair:2   | Lost mutation: You are occasionally teleported next to
                  | monsters. [potion of mutation]
 26460 | Lair:2   | Gained mutation: Your mind is acute. (Int +2) [potion of
                  | mutation]
 26460 | Lair:2   | Gained mutation: Your body sometimes deteriorates upon
                  | taking damage. [potion of mutation]
 26460 | Lair:2   | Gained mutation: You have sharp toenails. [potion of
                  | mutation]
 26461 | Lair:2   | Lost mutation: Your mind is acute. (Int +2) [potion of
                  | mutation]
 26461 | Lair:2   | Lost mutation: Your body sometimes deteriorates upon taking
                  | damage. [potion of mutation]
 26461 | Lair:2   | Lost mutation: You have sharp toenails. [potion of
                  | mutation]
 26461 | Lair:2   | Gained mutation: You are frail. (-10% HP) [potion of
                  | mutation]
 26461 | Lair:2   | Gained mutation: Your body sometimes deteriorates upon
                  | taking damage. [potion of mutation]
 26461 | Lair:2   | Gained mutation: Your muscles are strong. (Str +2) [potion
                  | of mutation]
 26462 | Lair:2   | Lost mutation: You are frail. (-10% HP) [potion of
                  | mutation]
 26462 | Lair:2   | Lost mutation: Your body sometimes deteriorates upon taking
                  | damage. [potion of mutation]
 26462 | Lair:2   | Gained mutation: You are frail. (-10% HP) [potion of
                  | mutation]
 27325 | Lair:3   | Learned a level 3 spell: Dazzling Flash
 27421 | Lair:3   | Reached XP level 15. HP: 143/153 MP: 30/30
 28009 | Lair:4   | Found a staircase to the Snake Pit.
 28270 | Lair:4   | Found a hazy altar of Hepliaklqana.
 29579 | Lair:5   | Noticed Nessos
 29587 | Lair:5   | Killed Nessos
 29656 | Lair:5   | Identified the +0 ring mail "Wiozeen" {Harm *Slow Int+6
                  | Slay+2}
 29822 | Lair:6   | Entered Level 6 of the Lair of Beasts
 30030 | Lair:6   | HP: 5/144 [poisoned by a black mamba]
 30226 | Lair:6   | Found a viscous altar of Jiyva.
 30226 | Lair:6   | Found a staircase to the Slime Pits.
 30332 | Lair:6   | Reached skill level 17 in Fighting
 32080 | D:15     | Identified the +4 mace of Ciegu {vorpal, rC+ MP+9}
 32327 | D:15     | Reached skill level 1 in Conjurations
 32338 | D:15     | Reached XP level 16. HP: 163/164 MP: 15/31
 32443 | D:15     | Found a staircase to the Depths.
 33290 | D:15     | Reached skill level 10 in Transmutations
 33290 | D:15     | Reached skill level 10 in Earth Magic
 33368 | D:15     | Identified the +7 war axe "Ogrebane" {elec, rCorr}
 33582 | Shoals:1 | Entered Level 1 of the Shoals
 34092 | Shoals:1 | HP: 6/164 [merfolk aquamancer/torrent of water (25)]
 34095 | Shoals:1 | Elyvilon protects you from harm!
 34096 | Shoals:1 | Slain by a water elemental

Illustrated notes

Levels and vault maps discovered:
D:1:      dpeg_arrival_pond, layout_basic, serial_bayou_ford_a
D:2:      layout_loops_ring, basic_altar, minmay_misc_feat_plants
D:3:      layout_rooms, minmay_box_of_dots, uniq_crazy_yiuf_cottage
D:4:      layout_rooms, nicolae_ru_path_of_blood,
          minmay_temple_entry_antechambers, serial_undead, serial_undead_e,
          serial_undead_d, serial_undead_e, serial_undead_f, serial_undead_e,
          serial_undead_a, serial_park_tiny_2, st_stairs_9
D:5:      layout_cave_pools, serial_gnoll_camp, gnoll_camp_mini_house,
          gnoll_camp_mini_shop, gnoll_camp_mini_basic, gnoll_camp_mini_hut,
          gnoll_camp_mini_doghouse, gnoll_camp_mini_hut, portal_sewer_entry_c
D:6:      layout_basic, enter_ossuary_2
D:7:      layout_rooms, serial_curves, eino_curves_02, eino_curves_02,
          serial_shops, shop, uniq_maggie
D:8:      layout_basic, kennysheep_generic_room_4
D:9:      layout_gridville, serial_shops, nicolae_stop_n_shop_2, the_hattery
D:10:     layout_cave_pools, david_lair_generic, minmay_orc_entry_guard_dogs,
          kennysheep_minor_cross, minivault_25
D:11:     layout_stronghold, nicolae_trove_entry_crossroad,
          kennysheep_opposing_triangles, uniq_fannar
D:12:     layout_roguey, serial_shops, nicolae_stop_n_shop_2
D:13:     layout_long_grid, portal_ice_cave_demonic_guard
D:14:     layout_gridville, david_vaults_2, serial_park_square2, hex_large,
          bh_circular_ruins
D:15:     gammafunk_enter_depths_forms, layout_small_grid, serial_bayou_lagoon_a
Temple:   dpeg_three_leaves_temple
Lair:1:   layout_concentric_octagons
Lair:2:   layout_regular_city, minmay_shoals_entry_lonely_mermaid,
          serial_bayou_shore_a, lemuel_fruit_tree, uniq_amaemon
Lair:3:   layout_loops_ring
Lair:4:   beast_lair_carwin_large_1, layout_loops_ring,
          guppyfry_snake_entry_garden, special_room [special_room_bee],
          basic_altar, serial_bayou_shore_b
Lair:5:   layout_hall_layers, serial_bayou_pond_e, uniq_nessos
Lair:6:   gammafunk_lair_ancient_temple, layout_gridlike, slime_altar_1
Shoals:1: layout_shoals, nicolae_shoals_drake_roost
Orc:1:    layout_caves, serial_shops, nicolae_shop_statue_plus, basic_altar,
          uniq_snorg
Orc:2:    st_orc_ogre_mass, layout_caves

Skill      XL: |  1  2  3  4  5  6  7  8  9 10 11 12 13 14 15 16 |
---------------+-------------------------------------------------+-----
Fighting       | 1 2 3 4 5 6 8 10 12 14 15 16 17 | 17.5
Spellcasting   | 3 4 5 7 9 10 11 | 11.0
Ice Magic      | 4 5 6 7 |  7.0
Maces & Flails | 1 2 3 10 11 12 | 12.0
Invocations    | 3 5 6 |  6.6
Transmutations | 2 5 7 9 10 | 10.2
Earth Magic    | 2 5 7 9 10 | 10.1
Hexes          | 4 6 7 |  7.5
Stealth        | 2 3 4 |  4.0
Conjurations   | 1 2 |  2.3
Dodging        | |  1.7

Action                   |  1- 3 |  4- 6 |  7- 9 | 10-12 | 13-15 | 16-18 || total
-------------------------+-------+-------+-------+-------+-------+-------++-------
Melee: Unarmed           |    10 |       |       |       |       |       ||    10
       Short sword       |    26 |    78 |    90 |       |       |       ||   194
       Giant club        |       |       |   337 |   393 |   993 |   127 ||  1850
       Punch             |       |       |     2 |       |       |       ||     2
 Cast: Freeze            |    53 |    34 |     7 |     1 |       |       ||    95
       Frozen Ramparts   |       |     6 |    22 |    26 |    28 |     7 ||    89
       Ozocubu's Armour  |       |     3 |    13 |    31 |    47 |     2 ||    96
       Confusing Touch   |       |       |       |       |     4 |       ||     4
       Ensorcelled Hiber |       |       |       |       |    14 |     3 ||    17
       Dazzling Flash    |       |       |       |       |    10 |     1 ||    11
       Leda's Liquefacti |       |       |       |       |     6 |     3 ||     9
       Lee's Rapid Decon |       |       |       |       |     4 |       ||     4
Invok: Purification      |       |       |       |       |     6 |       ||     6
       Heal Self         |       |       |       |       |     6 |     6 ||    12
  Use: Scroll            |       |       |    18 |     6 |    13 |     2 ||    39
       Potion            |       |       |     1 |       |     8 |       ||     9
 Stab: Sleeping          |     2 |     1 |     4 |     1 |    29 |     4 ||    41
       Invisible         |       |       |       |       |     3 |       ||     3
       Distracted        |       |       |       |       |     1 |     1 ||     2
Armor: Robe              |    19 |    32 |   307 |    14 |       |       ||   372
       Acid dragon scale |       |       |       |   263 |    53 |       ||   316
       Troll leather arm |       |       |       |       |   638 |    77 ||   715
Dodge: Dodged            |    47 |    51 |   285 |   243 |   671 |    42 ||  1339
Block: Other             |       |       |       |       |       |    32 ||    32
       Reflection        |       |       |       |       |       |     5 ||     5

Table legend: (Time is in decaauts)
 A = Elapsed time spent in this place.
 B = Non-inter-level travel time spent in this place.
 C = Inter-level travel time spent in this place.
 D = Time resting spent in this place.
 E = Time spent auto-exploring this place.
 F = Levels seen in this place.
 G = Mean time per level.
                   A        B        C        D        E       F      G
               +--------+--------+--------+--------+--------+-----+--------+
         Total |  34551 |  32902 |   1649 |   6596 |  18899 |  28 | 1234.0 |
       Dungeon |  20978 |  19825 |   1153 |   3264 |  12877 |  15 | 1398.5 |
        Temple |    138 |     89 |     49 |      0 |     55 |   1 |  138.0 |
          Lair |   6554 |   6186 |    368 |    808 |   3797 |   6 | 1092.3 |
        Shoals |    552 |    552 |      0 |    205 |     35 |   1 |  552.0 |
  Orcish Mines |   3283 |   3206 |     77 |   1528 |    900 |   2 | 1641.5 |
         Sewer |    560 |    560 |      0 |      0 |    297 |   1 |  560.0 |
       Ossuary |    626 |    626 |      0 |      0 |    466 |   1 |  626.0 |
      Ice Cave |   1856 |   1856 |      0 |    791 |    471 |   1 | 1856.0 |
               +--------+--------+--------+--------+--------+-----+--------+

Top non-repeatable levels by time:
    D:11: 2452 daAuts
     D:9: 2250 daAuts
   Orc:1: 1930 daAuts
   IceCv: 1856 daAuts
     D:4: 1774 daAuts
    D:15: 1571 daAuts
    D:10: 1557 daAuts
  Lair:4: 1551 daAuts
     D:1: 1470 daAuts
  Lair:6: 1429 daAuts
   Orc:2: 1352 daAuts
     D:3: 1352 daAuts
    D:13: 1233 daAuts
    D:12: 1211 daAuts
     D:8: 1177 daAuts
